 Dungeon Crawl Stone Soup version 0.31-a0-845-g9abc20d24f (webtiles) character file.

Game seed: 3549560240063178704

3141993 Flugkiller the Rhythm of Life and Death (level 27, 152/157 HPs)
             Began as a Vine Stalker Gladiator on Oct 1, 2023.
             Was an Elder of Uskayaw.
             Escaped with the Orb
             ... and 4 runes on Oct 2, 2023!
             The game lasted 01:12:29 (44275 turns).

Flugkiller the Rhythm of Life and Death (VSGl)     Turns: 44275, Time: 01:12:30

Health: 152/157    AC: 44    Str: 22    XL:     27
Magic:  41/41      EV: 21    Int:  8    God:    Uskayaw [****..]
Gold:   4845       SH: 14    Dex: 27    Spells: 26/26 levels left

rFire   + . .        M - +9 quick blade (drain)
rCold   + + +        L - +2 buckler "Forget-Me-Not" {Rampage Stlth+}
rNeg    + . .        x - +9 gold dragon scales of the Hurting Gods {rPois rF+ rC+ rN+ Regen+ Dex+2 Slay+3}
rPois   +            (helmet restricted)
rElec   .            e - +2 cloak
rCorr   .            Y - +2 pair of gloves {Stlth+}
SInv    .            f - +2 pair of boots {Fly}
Will    +++..        R - amulet of Batec {Reflect rC++ Regen+ Str+4 Dex-2 SH+5}
Stlth   +            N - +5 ring of evasion
HPRegen 2.86/turn    p - +4 ring of protection
MPRegen 0.27/turn

%: reflection, guardian spirit, rampage
@: flying
A: fangs 3, regeneration 1, magic shield, antimagic bite, no potion heal 2,
horns 1, weak 1, noise suppression
0: Orb of Zot
}: 4/15 runes: decaying, silver, abyssal, gossamer
a: Renounce Religion, Stomp, Line Pass


You escaped.
You worshipped Uskayaw.
Uskayaw was exalted by your worship.
You visited 9 branches of the dungeon, and saw 47 of its levels.
You visited the Abyss 1 time.
You also visited: Bailey and Desolation.

You collected 8205 gold pieces.
You spent 3360 gold pieces at shops.

Inventory:

Hand Weapons
 M - a +9 quick blade of draining (weapon)
   (You bought it in a shop on level 7 of the Dungeon)
Missiles
 b - 8 throwing nets (quivered)
 W - 5 curare-tipped darts
Armour
 c - a +2 helmet
 e - a +2 cloak (worn)
   (You took it off a draconian annihilator on level 2 of the Realm of Zot)
 f - a +2 pair of boots of flying (worn)
   (You found it on level 3 of the Elven Halls)
 x - the +9 gold dragon scales of the Hurting Gods (worn) {rPois rF+ rC+ rN+ Regen+ Dex+2 Slay+3}
   (You bought it in a shop on level 4 of the Depths)

   Dex+2:     It affects your dexterity (+2).
   Slay+3:    It affects your accuracy & damage with ranged weapons and melee
   (+3).
   rF+:       It protects you from fire.
   rC+:       It protects you from cold.
   rPois:     It protects you from poison rN+: It protects you from negative
   energy.
   Regen+:    It increases your rate of health regeneration.
 L - the +2 buckler "Forget-Me-Not" (worn) {Rampage Stlth+}
   (You found it in a bailey)

   Rampage:   It bestows one free step when moving towards enemies.
   Stlth+:    It makes you more stealthy.
 Y - a +2 pair of gloves of stealth (worn)
   (You found it in the Desolation of Salt)
 Z - a scarf of invisibility
   (You found it on level 4 of the Spider Nest)
Jewellery
 j - the ring of Obidugh {rF+ Str+6 Slay+3}
   (You found it on level 4 of the Vaults)

   [ring of strength]

   Str+6:     It affects your strength (+6).
   Slay+3:    It affects your accuracy & damage with ranged weapons and melee
   (+3).
   rF+:       It protects you from fire.
 m - the ring of the Nine Olives {rN+ Will+ Str+2}
   (You took it off an ironbound preserver on level 4 of the Vaults)

   [ring of willpower]

   Str+2:     It affects your strength (+2).
   rN+:       It protects you from negative energy.
   Will+:     It increases your willpower.
 o - a ring of poison resistance
   (You found it on level 2 of the Lair of Beasts)
 p - a +4 ring of protection (right hand)
   (You took it off a salamander mystic on level 4 of the Depths)
 y - a +6 ring of dexterity
   (You found it on level 2 of the Realm of Zot)
 A - the amulet of Plog {RegenMP rF+}
   (You found it on level 5 of the Realm of Zot)

   [amulet of magic regeneration]

   RegenMP:   It increases your rate of magic regeneration.
   rF+:       It protects you from fire.
 N - a +5 ring of evasion (left hand)
   (You found it on level 4 of the Lair of Beasts)
 R - the amulet of Batec (around neck) {Reflect rC++ Regen+ Str+4 Dex-2 SH+5}
   (You found it on level 3 of the Lair of Beasts)

   [amulet of reflection]

   Reflect:   It reflects blocked missile attacks.
   Str+4:     It affects your strength (+4).
   Dex-2:     It affects your dexterity (-2).
   rC++:      It greatly protects you from cold.
   Regen+:    It increases your rate of health regeneration.
   SH+5:      It affects your SH (+5).
Wands
 s - a wand of iceblast (66)
   (You found it on level 8 of the Dungeon)
 B - a wand of digging (7)
   (You found it on level 4 of the Dungeon)
 E - a wand of paralysis (19)
   (You took it off a wight on level 8 of the Dungeon)
 O - a wand of quicksilver (45)
   (You found it on level 1 of the Lair of Beasts)
 T - a wand of mindburst (23)
   (You found it on level 4 of the Swamp)
Scrolls
 a - 3 scrolls of revelation
 g - 4 scrolls of summoning
 k - 5 scrolls of immolation
 r - 24 scrolls of identify
 t - 5 scrolls of teleportation
 v - 10 scrolls of vulnerability
 w - 10 scrolls of fear
 z - 4 scrolls of blinking
 C - 4 scrolls of silence
 U - 6 scrolls of poison
 V - 4 scrolls of fog
Potions
 d - 2 potions of might
 h - 3 potions of haste
 i - 4 potions of invisibility
 l - 9 potions of ambrosia
 n - 2 potions of resistance
 q - 16 potions of curing
 u - 6 potions of berserk rage
 F - 6 potions of cancellation
 I - a potion of mutation
 J - a potion of enlightenment
 P - 2 potions of magic
 Q - 7 potions of attraction
Miscellaneous
 H - a box of beasts
   (You found it in the Desolation of Salt)
 K - a phantom mirror
   (You found it on level 9 of the Dungeon)
 S - a phial of floods
   (You found it in the Desolation of Salt)
 X - a condenser vane
   (You found it on level 5 of the Lair of Beasts)


   Skills:
 + Level 20.3 Fighting
 - Level 14.0 Short Blades
 - Level 1.7 Throwing
 * Level 15.1 Armour
 - Level 19.0 Dodging
 - Level 17.0 Stealth
 - Level 4.0 Shields
 O Level 27 Invocations
 - Level 5.0 Evocations


You had 26 spell levels left.
You didn't know any spells.
Your spell library contained the following spells:

 Spells                   Type           Power      Damage    Failure   Level
 Apportation              Tloc           0%         N/A       100%        1
 Freeze                   Ice            0%         1d3       100%        1
 Magic Dart               Conj           0%         1d3       100%        1
 Necrotise                Necr           0%         1d4       100%        1
 Shock                    Conj/Air       0%         1d3       100%        1
 Summon Small Mammal      Summ           0%         N/A       100%        1
 Blink                    Tloc           0%         N/A       100%        2
 Cigotuvi's Dreadful Rot  Necr/Pois/Air  0%         N/A       100%        2
 Ensorcelled Hibernation  Hex/Ice        0%         N/A       100%        2
 Jinxbite                 Hex            0%         N/A       100%        2
 Lesser Beckoning         Tloc           0%         N/A       100%        2
 Momentum Strike          Conj/Tloc      0%         3d8       100%        2
 Passwall                 Tmut/Erth      0%         N/A       100%        2
 Scorch                   Fire           0%         2d5       100%        2
 Searing Ray              Conj           0%         2d4       100%        2
 Sublimation of Blood     Necr           0%         N/A       100%        2
 Wereblood                Tmut           0%         N/A       100%        2
 Call Canine Familiar     Summ           0%         N/A       100%        3
 Dazzling Flash           Conj/Hex       0%         N/A       100%        3
 Frozen Ramparts          Ice            0%         1d1       100%        3
 Gell's Gravitas          Tloc           0%         N/A       100%        3
 Hailstorm                Conj/Ice       0%         3d3       100%        3
 Ignite Poison            Fire/Tmut/Pois 0%         N/A       100%        3
 Inner Flame              Hex/Fire       0%         N/A       100%        3
 Sigil of Binding         Hex            0%         N/A       100%        3
 Stone Arrow              Conj/Erth      0%         3d7       100%        3
 Summon Guardian Golem    Hex/Summ       0%         N/A       100%        3
 Swiftness                Air            0%         N/A       100%        3
 Teleport Other           Tloc           0%         N/A       100%        3
 Vampiric Draining        Necr           0%         2d6       100%        3
 Volatile Blastmotes      Fire/Tloc      0%         2d10      100%        3
 Airstrike                Air            0%         2d(0-16)  100%        4
 Animate Armour           Summ/Erth      0%         N/A       100%        4
 Animate Dead             Necr           0%         N/A       100%        4
 Brom's Barrelling Bould  Conj/Erth      0%         2d3       100%        4
 Cause Fear               Hex            0%         N/A       100%        4
 Dimensional Bullseye     Hex/Tloc       0%         N/A       100%        4
 Flame Wave               Conj/Fire      0%         2d4       100%        4
 Fulminant Prism          Conj/Hex       0%         3d5       100%        4
 Iskenderun's Mystic Bla  Conj/Tloc      0%         2d3       100%        4
 Leda's Liquefaction      Hex/Erth       0%         N/A       100%        4
 Petrify                  Tmut/Erth      0%         N/A       100%        4
 Sticky Flame             Conj/Fire      0%         2d3       100%        4
 Summon Ice Beast         Ice/Summ       0%         N/A       100%        4
 Vhi's Electric Charge    Tloc/Air       0%         N/A       100%        4
 Agony                    Necr           0%         N/A       100%        5
 Alistair's Intoxication  Tmut/Pois      0%         N/A       100%        5
 Arcjolt                  Conj/Air       0%         1d10      100%        5
 Borgnjor's Vile Clutch   Necr/Erth      0%         N/A       100%        5
 Fireball                 Conj/Fire      0%         3d3       100%        5
 Freezing Cloud           Conj/Ice/Air   0%         6-21      100%        5
 Irradiate                Conj/Tmut      0%         3d11      100%        5
 Iskenderun's Battlesphe  Conj           0%         2d6       100%        5
 Summon Forest            Summ/Tloc      0%         N/A       100%        5
 Summon Mana Viper        Hex/Summ       0%         N/A       100%        5
 Conjure Ball Lightning   Conj/Air       0%         3x3d6     100%        6
 Death Channel            Necr           0%         N/A       100%        6
 Dispersal                Tloc           0%         N/A       100%        6
 Eringya's Noxious Bog    Tmut/Pois      0%         4d6       100%        6
 Plasma Beam              Fire/Air       0%         2x1d10    100%        6
 Starburst                Conj/Fire      0%         6d3       100%        6
 Summon Cactus Giant      Summ           0%         N/A       100%        6
 Haunt                    Necr/Summ      0%         N/A       100%        7
 Monstrous Menagerie      Summ           0%         N/A       100%        7
 Orb of Destruction       Conj           0%         9d5       100%        7
 Spellforged Servitor     Conj/Summ      0%         N/A       100%        7
 Summon Hydra             Summ           0%         N/A       100%        7
 Borgnjor's Revivificati  Necr           0%         N/A       100%        8
 Infestation              Necr           0%         N/A       100%        8
 Lehudib's Crystal Spear  Conj/Erth      0%         10d2      100%        8
 Maxwell's Capacitive Co  Air            0%         ∞         100%        8
 Death's Door             Necr           0%         N/A       100%        9
 Dragon's Call            Summ           0%         N/A       100%        9
 Polar Vortex             Ice            0%         N/A       100%        9


Dungeon Overview and Level Annotations

Branches:
Dungeon (15/15)            Temple (0/1) D:7            Lair (5/5) D:11
  Swamp (4/4) Lair:3       Spider (4/4) Lair:3        Slime (0/5) Lair:4
    Orc (2/2) D:9             Elf (3/3) Orc:2        Vaults (5/5) D:13
  Crypt (0/3) Vaults:3     Depths (4/4) D:15            Zot (5/5) Depths:4
 Bailey (visited)         Desolation (visited)

Altars:
Ashenzari
Dithmenos
Elyvilon
Fedhas
Hepliaklqana
Kikubaaqudgha
Makhleb
Nemelex Xobeh
Okawaru
Qazlal
Ru
Uskayaw
Vehumet
Wu Jian
Xom
Yredelemnul
Zin
The Shining One

Shops:
D:2 ?   D:7 (   D:9 [   D:10 [   Orc:2 (*?(   Elf:2 *(?   Depths:4 [::=[

Portals:
Hell: Depths:1 Depths:2 Depths:3 Depths:4
Abyss: Depths:3 Depths:4
Pandemonium: Depths:2
Ziggurat: Depths:1
Trove: D:14 (give 9 potions of haste)

Annotations:
D:12 1 runed translucent door
Spider:2 1 runed translucent door, t4s4d4r's ghost, adept DsFi
Elf:2 5 runed translucent doors
Elf:3 Roxanne
Vaults:3 1 runed translucent door, Ciq Qara's ghost, veteran GrEE
Vaults:4 4 runed translucent doors


Innate Abilities, Weirdness & Mutations

You have razor-sharp teeth.
Your natural rate of healing is unusually fast.
When hurt, damage is shared between your health and your magic reserves.
Your bite disrupts and absorbs the magic of your enemies.
Potions cannot restore your health.
You have a pair of small horns on your head.
You are weak. (Str -2)
You passively dampen the noise of your surroundings.


Message History

The cacodemon is moderately wounded.
The sixfirhy hits you but does no damage.
You block the sixfirhy's attack.
You hit the cacodemon. You headbutt the cacodemon. You bite the cacodemon!!
The cacodemon's magic leaks into the air.
You drain its magic. You puncture the cacodemon! You headbutt the cacodemon.
Your bite misses the cacodemon.
The cacodemon is severely wounded.
You block the cacodemon's attack. x2; The orange demon completely misses you.
Uskayaw will force your foes to helplessly watch your dance.
Uskayaw prepares the audience for your solo!
The helpless cacodemon fails to defend itself.
You skewer the cacodemon like a kebab!!!!!
You kill the cacodemon!
The helpless sixfirhy fails to defend itself.
You spit the sixfirhy like a pig!!!!!
You kill the sixfirhy!
Uskayaw will force your foes to share their pain.
Your Armour skill increases to level 15!
You rampage towards the orange demon!
The helpless orange demon fails to defend itself.
You perforate the orange demon like a sieve!!!!!
You kill the orange demon!
No target in view!
A smoke demon comes into view.
You can no longer pass through a line of other dancers.
Unknown command.
There is a huge open gate here.
Some rock shatters into small pieces.
A cacodemon and a sixfirhy come into view.
A sixfirhy comes into view.
The cacodemon gestures at the rock wall.
Some rock shatters into small pieces.
The sixfirhy moves out of view.
An Orb Guardian comes into view.
There is an open gate here.
The kobold shouts!
A Pis Biss and a lich come into view.
You rampage towards the lich!
The lich shouts!
You rampage towards the lich!
You puncture the lich! You bite the lich!
The lich's magic leaks into the air.
You drain its magic. You closely miss the lich.
You bite the lich, but do no damage.
The lich is moderately damaged.
The sixfirhy closely misses you.
You puncture the lich! You headbutt the lich! You bite the lich!
The lich's magic leaks into the air.
You drain its magic. You closely miss the lich. You bite the lich!
The lich's magic leaks into the air.
You drain its magic.
The lich is almost destroyed.
The lich completely misses you.
Pis Biss conjures an orb of pure magic.
You can now pass through a line of other dancers.
An orb of destruction comes into view.
You hit the lich.
You destroy the lich!
The Orb Guardian hits you!
You block the orb of destruction... and reflect it back!
You miss the sixfirhy. Your headbutt misses the sixfirhy.
You bite the sixfirhy!! You drain its power.
You feel invigorated.
You closely miss the sixfirhy.
You headbutt the sixfirhy, but do no damage.
Your bite misses the sixfirhy.
The sixfirhy is heavily wounded.
You block the sixfirhy's attack. The Orb Guardian misses you.
Pis Biss gestures.
You resist with almost no effort.
You hit the sixfirhy but do no damage. You headbutt the sixfirhy!
You bite the sixfirhy.
You kill the sixfirhy!
The orb of destruction hits Pis Biss!!!!
You puncture the Orb Guardian! You drain the Orb Guardian.
You headbutt the Orb Guardian! You bite the Orb Guardian! You drain its power.
You feel invigorated.
You hit the Orb Guardian but do no damage.
You headbutt the Orb Guardian, but do no damage.
Your bite misses the Orb Guardian.
The Orb Guardian is heavily wounded.
The Orb Guardian hits you!
Pis Biss gestures.
You resist with almost no effort.
Uskayaw will force your foes to helplessly watch your dance.
You puncture the Orb Guardian! Your headbutt misses the Orb Guardian.
You bite the Orb Guardian! You drain its power.
You feel invigorated.
You puncture the Orb Guardian! You bite the Orb Guardian.
You kill the Orb Guardian!
Uskayaw will force your foes to share their pain.
Uskayaw prepares the audience for your solo!
Uskayaw links your audience in an emotional bond!
The helpless Pis Biss fails to defend itself.
You perforate Pis Biss like a sieve!!!!!
You kill Pis Biss!
Unknown command.
Unknown command.
There is a staircase leading out of the dungeon here.
Enter note: gg The smoke demon is no longer paralysed.
The cacodemon gestures at you.
Strange energies course through your body.
You feel weaker.
You have escaped!

# #.#... ############## #.#...
.............# #.#...
###.....####.###############.#...
#...#........................#.#.
#.#.#............................
#.#.#....[.................#...#.
#.#.#...#################..#.....
#.#.#...#~~~~~~~@~~~~~~~#..#.####
#.#.#...#~~~~~~~.~~~~~~~#........
#.#.#...#~~~~~~...~~~~~~#...###..
#.#.#...#~~~.........~~~#...# #..
..#.#...#~~.....3.....~~#..## #..
....#...#~....2........~#..# #..
..###...###..8.###.8..###..# #..
..# #...#o#...........#K#..# #..
#.# #...#######'''#######..# #..


You could see a cacodemon, a smoke demon (pain bonded), an orc and a kobold.

Vanquished Creatures
  8 orbs of fire
  Sojobo (Vaults:2)
  Josephina (Depths:3)
  Frederick (Depths:3)
  Boris (Depths:3)
  5 Killer Klowns
  A caustic shrike (Depths:3)
  A pandemonium lord (D:1)
  A curse toe (Zot:4)
  Saint Roka (Vaults:2)
  The ghost of Fubrub the Fetichist, a veteran GnWr of Ashenzari (Vaults:4)
  11 golden dragons
  Norris (Vaults:3)
  A bone dragon (Abyss:3)
  5 electric golems
  Arachne (Spider:3)
  2 doom hounds (Zot:2)
  The ghost of contendunt the Acrobat, an adept MiFi of Okawaru (Swamp:3)
  16 tentacled monstrosities
  A walking crystal tome (Depths:3)
  24 Orb Guardians
  4 liches
  Zenata (Vaults:2)
  4 titans
  A walking earthen tome (Depths:4)
  A walking frostbound tome (Depths:3)
  4 quicksilver dragons
  2 deep elf blademasters (Elf:3)
  Grunn (Zot:2)
  3 deep elf master archers (Elf:3)
  Asterion (Elf:1)
  5 sphinxes
  An Executioner (Zot:4)
  3 tentacled starspawn
  Frances (Swamp:2)
  3 death cobs
  Gastronok (Lair:3)
  14 storm dragons
  7 tengu reavers
  2 thorn hunters
  8 shadow dragons
  5 fire giants
  4 draconian monks
  A fenstrider witch (Swamp:2)
  5 draconian knights
  3 iron dragons
  9 emperor scorpions
  A nagaraja (Abyss:4)
  An imperial myrmidon (Desolation)
  A draconian scorcher (Zot:2)
  Louise (Depths:4)
  2 deep elf elementalists (Elf:3)
  9 frost giants
  6 ghost moths
  8 deep elf sorcerers
  24 vault wardens
  A balrug (Depths:2)
  3 orc warlords
  44 slime creatures
  7 draconian shifters
  2 draconian stormcallers
  4 draconian annihilators
  A cacodemon (D:1)
  A spriggan defender (Depths:3)
  6 war gargoyles
  A demonspawn corrupter (Zot:4)
  2 reapers
  21 stone giants
  A caustic shrike skeleton (Depths:1)
  22 very ugly things
  23 ironbound preservers
  3 broodmothers
  Nessos (D:13)
  6 ironbound thunderhulks
  4 deep elf demonologists
  6 green draconians
  2 vampire knights (Depths:3)
  11 deep elf annihilators
  5 eleionomae
  7 black draconians
  4 white draconians
  A halazid warlock (Desolation)
  8 purple draconians
  5 spark wasps
  2 bunyips
  13 dire elephants
  6 red draconians
  7 yellow draconians
  2 starcursed masses (Abyss:4)
  11 ettins
  3 crystal guardians (Desolation)
  7 deep elf death magi
  10 deep elf high priests
  Snorg (D:13)
  2 green deaths (Swamp:4)
  A merfolk javelineer (Abyss:4)
  3 entropy weavers
  6 fire dragons
  3 great orbs of eyes
  9 ragged hierophants (Desolation)
  A jiangshi (Vaults:3)
  9 servants of whispers (Desolation)
  13 yaktaur captains
  6 ice dragons
  2 ghost crabs (Swamp:2)
  Erolcha (D:13)
  30 vault guards
  10 hydras
  A hell beast (Swamp:4)
  A juggernaut simulacrum (Depths:3)
  Harold (D:10)
  7 radroaches
  9 peacekeepers
  3 spriggan air magi
  13 ironbound frosthearts
  15 alligators
  3 jorogumos
  8 centaur warriors
  5 ogre magi
  A death knight (D:15)
  14 death yaks (Lair:5)
  A two-headed ogre (shapeshifter) (Vaults:5)
  18 dancing weapons
  A sphinx skeleton (Vaults:2)
  10 boulder beetles
  4 deep troll earth magi
  14 two-headed ogres
  3 tengu warriors (Depths:1)
  3 spriggan berserkers
  A thrashing horror (Abyss:4)
  4 deep troll shamans
  14 demonic crawlers
  3 vampire magi
  A shock serpent (shapeshifter) (Vaults:2)
  A soul eater (Depths:1)
  A sun demon (Depths:2)
  A hell knight (Vaults:5)
  5 orc high priests (Orc:2)
  2 pharaoh ants
  2 iron trolls
  6 sun moths
  7 deep elf knights
  2 goliath frogs
  3 sixfirhies (D:1)
  A wretched star (Abyss:4)
  4 skysharks (Vaults:3)
  2 shadow wraiths (Depths:2)
  Amaemon (D:10)
  A salamander mystic (Depths:4)
  6 glowing orange brains
  7 flayed ghosts
  3 skeletal warriors (D:14)
  4 spriggan druids
  A spectral anaconda (Lair:5)
  62 deep trolls
  10 swamp dragons
  12 orb spiders
  An orb spider (shapeshifter) (D:15)
  10 bog bodies
  15 ironbound convokers
  An obsidian statue (Lair:5)
  11 deep elf archers
  A lindwurm (shapeshifter) (Vaults:5)
  A bunyip skeleton (Swamp:2)
  23 deep elf zephyrmancers
  14 lindwurms
  4 steelbarb worms
  9 orc knights
  10 wizards
  24 wolf spiders
  5 harpies (Vaults:1)
  4 orc sorcerers
  A sphinx simulacrum (Depths:3)
  6 phantasmal warriors
  25 deep elf pyromancers
  A fire giant zombie (Depths:1)
  20 moths of wrath
  A manticore (D:11)
  4 will-o-the-wisps
  7 necromancers
  2 salamanders (Depths:4)
  23 ugly things
  A worldbinder (Abyss:4)
  A salamander (shapeshifter) (Elf:2)
  4 cyclopes
  21 vault sentinels
  2 human skeletons (Vaults:2)
  An apocalypse crab (Abyss:4)
  13 elephants
  3 black mambas
  A stone giant skeleton (Vaults:2)
  6 guardian serpents
  4 torpor snails
  A molten gargoyle (Desolation)
  8 orange demons
  3 gargoyles
  A titan simulacrum (Vaults:4)
  10 cane toads
  3 smoke demons
  Psyche (D:11)
  Maggie (D:10)
  A dire elephant skeleton (Lair:5)
  2 unseen horrors
  2 kobold demonologists
  An efreet (D:15)
  An unseen horror (shapeshifter) (D:14)
  A komodo dragon (shapeshifter) (Vaults:2)
  43 yaktaurs
  A hellion (D:6)
  A tengu conjurer (Depths:2)
  A golden dragon simulacrum (Depths:3)
  7 komodo dragons
  2 yaktaurs (shapeshifter)
  2 freezing wraiths
  An ancient zyme (Abyss:4)
  A tengu simulacrum (Vaults:4)
  5 trolls
  9 hornets
  A bloated husk (Swamp:2)
  9 meliai
  3 polar bears (Lair:5)
  9 tyrant leeches
  A tyrant leech (shapeshifter) (Vaults:5)
  65 saltlings
  23 tarantellas
  A blink frog (shapeshifter) (Elf:2)
  3 spectral elephants (Lair:5)
  20 blink frogs
  6 dream sheep (Lair:5)
  3 raiju (Abyss:3)
  A slime creature (shapeshifter) (Elf:1)
  An iron dragon simulacrum (Depths:3)
  18 culicivoras
  12 water elementals
  12 spriggans
  2 shadows
  A small abomination (Abyss:3)
  A spriggan skeleton (Depths:1)
  18 jumping spiders
  2 wraiths
  2 vampires
  2 air elementals (Elf:1)
  46 yaks
  2 dire elephant simulacra (Lair:5)
  5 basilisks
  3 fire elementals
  6 humans (Zot:3)
  3 wyverns
  A steam dragon (D:7)
  38 redbacks
  4 large abominations
  A death yak simulacrum (Lair:5)
  A golden eye (shapeshifter) (D:15)
  3 vampire mosquitoes (Swamp:2)
  5 wargs
  A spriggan simulacrum (Swamp:2)
  A human simulacrum (Vaults:2)
  A spectral cane toad (Lair:5)
  A swamp worm (shapeshifter) (Vaults:5)
  2 acid dragons
  14 swamp worms
  16 water moccasins
  A floating eye (Depths:3)
  A naga skeleton (Abyss:3)
  2 elephant zombies (Lair:5)
  2 swamp drakes
  A glowing shapeshifter skeleton (Vaults:4)
  A hornet zombie (Swamp:2)
  49 orc warriors
  A sky beast (D:7)
  2 human zombies (Vaults:4)
  A black bear (D:7)
  12 ogres
  3 centaurs
  2 boggarts (D:9)
  2 swamp dragon skeletons (Swamp:2)
  15 wolves
  A phantom (D:4)
  A kobold brigand (D:12)
  4 cane toad simulacra (Lair:5)
  3 gnoll sergeants
  12 bullfrogs
  2 earth elementals (Elf:2)
  3 scorpions
  13 wights
  An elephant simulacrum (Lair:5)
  7 killer bees
  2 electric eels
  8 vampire bats (Bailey)
  5 howler monkeys
  6 wolf zombies (Bailey)
  3 jellies
  5 hounds
  30 orc priests
  3 iron imps (D:3)
  6 iguanas
  6 sleepcaps
  15 orc wizards
  19 gnolls
  7 adders
  A shadow imp (D:7)
  2 white imps
  A worm (D:5)
  2 dart slugs (D:3)
  62 orcs
  8 endoplasms
  6 giant cockroaches
  11 goblins
  8 hobgoblins
  10 jackals
  8 kobolds
  9 quokkas
  5 ball pythons
  5 bats
  5 frilled lizards
  16 orc zombies (Bailey)
  7 rats
  A lurking horror (Abyss:4)
  2 starspawn tentacles (Abyss:4)
2079 creatures vanquished.

Vanquished Creatures (others)
  An emperor scorpion (Spider:4)
  A ghost moth (Spider:4)
  A white draconian (Depths:4)
  A black draconian (Zot:4)
  3 spriggans
  A deep elf archer (Elf:2)
  4 ugly things (Depths:1)
  2 bloated husks
  2 hornets (Swamp:2)
  A human (shapeshifter) (Vaults:4)
  An orc (D:7)
  8 foxfires
  2 starspawn tentacles (Abyss:3)
28 creatures vanquished.

Grand Total: 2107 creatures vanquished

Notes
Turn   | Place    | Note
-------+----------+-------------------------------------------
     0 | D:1      | Flugkiller the Vine Stalker Gladiator began the quest for
                  | the Orb.
     0 | D:1      | Reached XP level 1. HP: 11/11 MP: 2/2
   169 | D:1      | Found a faded altar of an unknown god.
   422 | D:1      | Reached XP level 2. HP: 15/15 MP: 3/3
   725 | D:2      | Found Xoguqa's Magic Scroll Shoppe.
   844 | D:2      | Found a hide-covered altar of Uskayaw.
   855 | D:2      | Became a worshipper of Uskayaw the Reveller
   860 | D:2      | Reached * piety under Uskayaw
   949 | D:2      | Reached XP level 3. HP: 18/18 MP: 4/4
   958 | D:2      | Reached ** piety under Uskayaw
  1435 | D:3      | Reached *** piety under Uskayaw
  1467 | D:3      | Reached XP level 4. HP: 17/23 MP: 1/5
  1471 | D:3      | Reached skill level 1 in Invocations
  1525 | D:3      | Found a shadowy altar of Dithmenos.
  1912 | D:3      | Found a hide-covered altar of Uskayaw.
  2262 | D:3      | Found a burning altar of Makhleb.
  2288 | D:3      | Reached XP level 5. HP: 28/28 MP: 7/7
  2291 | D:3      | Reached **** piety under Uskayaw
  2293 | D:3      | Reached skill level 2 in Invocations
  2471 | D:4      | Found a broken altar of Ashenzari.
  2472 | D:4      | Found a hazy altar of Hepliaklqana.
  2472 | D:4      | Found an iron altar of Okawaru.
  2543 | D:4      | Reached XP level 6. HP: 30/32 MP: 3/8
  2818 | D:4      | Reached skill level 3 in Invocations
  2818 | D:4      | Reached XP level 7. HP: 33/36 MP: 10/10
  3005 | D:4      | Found a glowing silver altar of Zin.
  3451 | D:5      | Entered Level 5 of the Dungeon
  3508 | D:5      | Found a shimmering altar of Xom.
  3690 | D:5      | Gained mutation: You have razor-sharp teeth. [Vine Stalker
                  | growth]
  3690 | D:5      | Reached XP level 8. HP: 35/42 MP: 9/11
  3734 | D:5      | Found a stormy altar of Qazlal.
  3792 | D:5      | Reached skill level 4 in Invocations
  3795 | D:5      | Reached skill level 5 in Short Blades
  3798 | D:5      | Reached ***** piety under Uskayaw
  4301 | D:6      | Noticed a wraith
  4327 | D:6      | Killed a wraith
  4328 | D:6      | Reached skill level 5 in Fighting
  4328 | D:6      | Reached skill level 5 in Dodging
  4371 | D:6      | Reached skill level 5 in Invocations
  4637 | D:6      | Reached XP level 9. HP: 47/47 MP: 13/13
  4824 | D:7      | Found Nycwusu's Antique Weapon Boutique.
  4827 | D:7      | Found a sacrificial altar of Ru.
  4930 | D:7      | Found a staircase to the Ecumenical Temple.
  5007 | D:7      | Found an ornate altar of the Wu Jian Council.
  5060 | D:7      | Found a basalt altar of Yredelemnul.
  5481 | D:7      | Noticed a hornet
  5492 | D:7      | Paralysed by a hornet for 1 turns
  5505 | D:7      | Killed a hornet
  5506 | D:7      | Reached skill level 6 in Invocations
  5831 | D:8      | Reached XP level 10. HP: 32/53 MP: 11/16
  5971 | D:8      | Noticed a gargoyle
  5984 | D:8      | Killed a gargoyle
  6074 | D:8      | Got a vellum book
  6160 | D:8      | Reached skill level 7 in Invocations
  6181 | D:8      | Reached ****** piety under Uskayaw
  6338 | D:8      | Found an ancient bone altar of Kikubaaqudgha.
  6341 | D:8      | Found a blossoming altar of Fedhas.
  6592 | D:8      | Found a radiant altar of Vehumet.
  6964 | D:9      | Found a flagged portal.
  6975 | Bailey   | Entered a bailey
  7227 | Bailey   | Noticed a gargoyle
  7234 | Bailey   | Killed a gargoyle
  7235 | Bailey   | Reached skill level 8 in Invocations
  7235 | Bailey   | Reached XP level 11. HP: 59/59 MP: 16/18
  7288 | Bailey   | Identified the +2 buckler "Forget-Me-Not" {Rampage Stlth+}
  7324 | Bailey   | Identified the +2 chain mail of Egyuram {-Tele rC+ Regen+}
  7667 | D:9      | Reached skill level 1 in Shields
  7712 | D:9      | Found a staircase to the Orcish Mines.
  7712 | D:9      | Found Rilud's Armour Emporium.
  7838 | D:9      | Noticed a two-headed ogre
  7857 | D:9      | Noticed a two-headed ogre
  7862 | D:9      | Killed a two-headed ogre
  7869 | D:9      | Killed a two-headed ogre
  8058 | D:7      | Bought a glowing quick blade for 522 gold pieces
  8135 | D:10     | Entered Level 10 of the Dungeon
  8206 | D:10     | Reached skill level 1 in Evocations
  8220 | D:10     | Noticed Amaemon
  8225 | D:10     | Noticed Maggie
  8437 | D:10     | Noticed Harold
  8464 | D:10     | Killed Harold
  8530 | D:10     | Found a glowing golden altar of the Shining One.
  8533 | D:10     | Found Zaqivum's Armour Shop.
  8825 | D:11     | Noticed a manticore
  8852 | D:11     | Killed a manticore
  8965 | D:11     | Noticed Psyche
  8970 | D:11     | Noticed a two-headed ogre
  8982 | D:11     | Killed Psyche
  8986 | D:11     | Killed a two-headed ogre
  9143 | D:11     | Noticed a two-headed ogre
  9158 | D:11     | Killed a two-headed ogre
  9159 | D:11     | Reached skill level 5 in Evocations
  9250 | D:11     | Found a staircase to the Lair.
  9252 | D:11     | Noticed a boulder beetle
  9270 | D:11     | Killed a boulder beetle
  9271 | D:11     | Reached skill level 5 in Stealth
  9271 | D:11     | Reached XP level 12. HP: 57/64 MP: 13/19
  9440 | Lair:1   | Entered Level 1 of the Lair of Beasts
 10383 | Lair:2   | Noticed a boulder beetle
 10390 | Lair:2   | Killed a boulder beetle
 10391 | Lair:2   | Reached skill level 9 in Invocations
 10880 | Lair:3   | Noticed a four-headed hydra
 10896 | Lair:3   | Killed a four-headed hydra
 10943 | Lair:3   | Reached XP level 13. HP: 70/70 MP: 19/21
 11074 | Lair:3   | Found a hole to the Spider Nest.
 11138 | Lair:3   | Noticed Gastronok
 11169 | Lair:3   | Killed Gastronok
 11170 | Lair:3   | Reached skill level 10 in Stealth
 11218 | Lair:3   | Found a staircase to the Swamp.
 11218 | Lair:3   | Noticed an eleionoma
 11220 | Lair:3   | Killed an eleionoma
 11691 | Lair:3   | Found a runed translucent door.
 11778 | Lair:3   | Identified the amulet of Batec {Reflect rC++ Regen+ Str+4
                  | Dex-2 SH+5}
 11903 | Lair:4   | Reached skill level 10 in Invocations
 12047 | Lair:4   | Found a staircase to the Slime Pits.
 12705 | Lair:5   | Entered Level 5 of the Lair of Beasts
 12879 | Lair:5   | Reached skill level 10 in Short Blades
 12899 | Lair:5   | Reached skill level 10 in Fighting
 12899 | Lair:5   | Reached XP level 14. HP: 77/77 MP: 18/22
 13196 | Lair:5   | Found the +10 Black Knight's barding {ponderous, rPois rN+}
 13278 | Lair:5   | Reached skill level 11 in Invocations
 13369 | Lair:5   | Noticed a dire elephant
 13369 | Lair:5   | Noticed a dire elephant
 13370 | Lair:5   | Noticed a dire elephant
 13370 | Lair:5   | Noticed a dire elephant
 13394 | Lair:5   | Killed a dire elephant
 14115 | Lair:5   | Identified the +5 quarterstaff of Conformity {pain, rPois
                  | Dex+3}
 14275 | Lair:5   | Reached skill level 10 in Dodging
 14338 | Lair:5   | Killed a dire elephant
 14370 | Lair:5   | Killed a dire elephant
 14380 | Lair:5   | Killed a dire elephant
 14624 | Lair:5   | Identified the staff of World Downfall {*Corrode rN+ Str+3
                  | Necro}
 14898 | D:10     | Killed Maggie
 14934 | D:10     | Killed Amaemon
 14935 | D:10     | Reached XP level 15. HP: 82/82 MP: 24/24
 15333 | D:12     | Found a runed translucent door.
 15742 | D:13     | Noticed Erolcha
 15754 | D:13     | Killed Erolcha
 15771 | D:13     | Reached skill level 12 in Invocations
 15774 | D:13     | Noticed Snorg
 15774 | D:13     | Noticed Nessos
 15786 | D:13     | Killed Nessos
 15788 | D:13     | Killed Snorg
 16184 | D:13     | Found a gate to the Vaults.
 16378 | D:13     | Found a white marble altar of Elyvilon.
 17362 | D:14     | Found a portal to a secret trove of treasure.
 17415 | D:15     | Entered Level 15 of the Dungeon
 17528 | D:15     | Found a sparkling altar of Nemelex Xobeh.
 17885 | D:15     | Found a staircase to the Depths.
 18160 | Orc:1    | Entered Level 1 of the Orcish Mines
 18413 | Orc:2    | Entered Level 2 of the Orcish Mines
 18415 | Orc:2    | Found a staircase to the Elven Halls.
 18551 | Orc:2    | Reached skill level 13 in Invocations
 18697 | Orc:2    | Reached XP level 16. HP: 88/88 MP: 26/26
 19398 | Orc:2    | Found Judi's General Store.
 19398 | Orc:2    | Found Ranagg's Weapon Shop.
 19399 | Orc:2    | Found Tiolyw's Antique Weapon Shop.
 19399 | Orc:2    | Found Jojyol's Magic Scroll Boutique.
 19411 | Orc:2    | Bought a scroll of brand weapon for 104 gold pieces
 19414 | Orc:2    | Bought a polished rapier for 189 gold pieces
 19414 | Orc:2    | Identified the +0 rapier "Muvyf" {drain, rN+ Str+2} (You
                  | bought it in a shop on level 2 of the Orcish Mines)
 19414 | Orc:2    | Bought a brightly glowing short sword for 168 gold pieces
 19414 | Orc:2    | Identified the +8 short sword "Hut Qeucuc" {heavy, Dex+3}
                  | (You bought it in a shop on level 2 of the Orcish Mines)
 19420 | Orc:2    | Bought a scroll of revelation for 82 gold pieces
 20138 | Swamp:1  | Entered Level 1 of the Swamp
 20262 | Swamp:1  | Reached skill level 1 in Armour
 20673 | Swamp:2  | Noticed a thorn hunter
 20685 | Swamp:2  | Killed a thorn hunter
 20728 | Swamp:2  | Reached skill level 14 in Invocations
 21105 | Swamp:2  | Noticed Frances
 21227 | Swamp:2  | Killed Frances
 21405 | Swamp:2  | Found an ancient bone altar of Kikubaaqudgha.
 21405 | Swamp:2  | Noticed a fenstrider witch
 21418 | Swamp:2  | Killed a fenstrider witch
 21420 | Swamp:2  | Reached XP level 17. HP: 85/95 MP: 24/28
 21430 | Swamp:2  | Got an ancient book
 21612 | Swamp:3  | Found a shimmering altar of Xom.
 21612 | Swamp:3  | Noticed contendunt's ghost (adept MiFi)
 21613 | Swamp:3  | Found a runed translucent door.
 21999 | Swamp:3  | Killed contendunt's ghost
 22216 | Swamp:3  | Identified the staff "Arauj" {rPois rN+ rCorr Poison}
 22302 | Swamp:4  | Entered Level 4 of the Swamp
 22680 | Swamp:4  | Reached skill level 15 in Invocations
 22731 | Swamp:4  | Got a decaying rune of Zot
 22815 | Swamp:4  | Identified the amulet "Ixaloen" {rPois Regen+}
 23272 | Spider:1 | Entered Level 1 of the Spider Nest
 23515 | Spider:1 | Identified the +0 trident of the Bruised Curses {antimagic,
                  | Dex+4}
 23958 | Spider:2 | Reached XP level 18. HP: 100/100 MP: 30/30
 24155 | Spider:2 | Found a runed translucent door.
 24173 | Spider:2 | Noticed t4s4d4r's ghost (adept DsFi)
 24896 | Spider:3 | Noticed Arachne
 24905 | Spider:3 | Killed Arachne
 24906 | Spider:3 | Reached skill level 5 in Armour
 24995 | Spider:3 | Reached skill level 16 in Invocations
 25412 | Spider:4 | Entered Level 4 of the Spider Nest
 25949 | Spider:4 | Reached XP level 19. HP: 106/106 MP: 32/32
 26285 | Spider:4 | Got a gossamer rune of Zot
 26491 | Spider:3 | Reached skill level 17 in Invocations
 26703 | Elf:1    | Entered Level 1 of the Elven Halls
 26966 | Elf:1    | Paralysed by an air elemental for 1 turns
 27235 | Elf:1    | Reached skill level 15 in Stealth
 27425 | Elf:1    | Noticed Asterion
 27434 | Elf:1    | Killed Asterion
 27663 | Elf:2    | Found Cugakepp's General Store.
 27665 | Elf:2    | Found Soajyin's Weapon Shoppe.
 27667 | Elf:2    | Found Atekeeppo's Magic Scroll Emporium.
 27941 | Elf:2    | Found a huge runed translucent gate.
 27941 | Elf:2    | Found a huge runed translucent gate.
 27941 | Elf:2    | Found a huge runed translucent gate.
 27941 | Elf:2    | Found a huge runed translucent gate.
 27941 | Elf:2    | Found a huge runed translucent gate.
 28122 | Elf:3    | Entered Level 3 of the Elven Halls
 28211 | Elf:3    | Noticed Roxanne
 28606 | Abyss:3  | Cast into level 3 of the Abyss (a deep elf sorcerer)
 28612 | Abyss:3  | Found a corrupted altar of Lugonu.
 28621 | Abyss:3  | Found a corrupted altar of Lugonu.
 28690 | Abyss:3  | Noticed a bone dragon
 28696 | Abyss:3  | Killed a bone dragon
 28760 | Abyss:3  | Found a corrupted altar of Lugonu.
 28820 | Abyss:4  | Reached skill level 18 in Invocations
 28832 | Abyss:4  | Reached XP level 20. HP: 109/112 MP: 34/34
 28872 | Abyss:4  | Got an abyssal rune of Zot
 28933 | Elf:3    | Escaped the Abyss
 28962 | Elf:3    | Reached skill level 15 in Fighting
 29166 | Elf:3    | Identified the +10 spear of Conformity {freeze, SInv}
 29175 | Elf:3    | Got a gaudy book
 29182 | Elf:3    | Identified the +7 quarterstaff "Plog" {heavy, *Rage rElec
                  | Int+5}
 29185 | Elf:3    | Identified the +0 plate armour of Utwaatej {rPois rCorr}
 29190 | Elf:3    | Identified the +7 scimitar of Hosir {heavy, rPois Int-4
                  | SInv}
 29195 | Elf:3    | Identified the +1 robe "Hulozuap" {rF- rC+ Str+3 Slay+5
                  | Archmagi}
 29212 | Elf:3    | Identified the +6 scimitar "Lopo" {antimagic, rF+}
 29728 | Vaults:1 | Entered Level 1 of the Vaults
 30098 | Vaults:1 | Reached skill level 19 in Invocations
 30165 | Vaults:1 | Found a crumbling gateway.
 30177 | Desolati | Entered the Desolation of Salt
 30257 | Desolati | Reached XP level 21. HP: 118/118 MP: 26/35
 30378 | Desolati | Identified the +1 whip of Lies {spect, rN+ Will+}
 30401 | Desolati | Identified the +0 troll leather armour "Taesy" {rC+ Regen+
                  | Stlth+}
 30406 | Desolati | Identified the +4 rapier of Hacking and Slashing {holy,
                  | Int-5 Dex+5}
 30589 | Desolati | Identified the +4 long sword of Blood {venom, rN+}
 30650 | Desolati | Got a loosely-bound book
 30653 | Desolati | Identified the +6 shortbow "Xamyenot" {speed, rC++ rN+
                  | Str-3 SInv}
 30670 | Desolati | Identified the +3 halberd of Sin {spect, Int+7}
 30777 | Desolati | Identified the +0 leather armour of the Furrier {-Tele
                  | Rampage *Slow Int+6 Dex+3}
 30920 | Desolati | Reached skill level 15 in Dodging
 31735 | Vaults:2 | Found a huge runed gate.
 31735 | Vaults:2 | Found a huge runed gate.
 31735 | Vaults:2 | Found a huge runed gate.
 31735 | Vaults:2 | Found a huge runed gate.
 31735 | Vaults:2 | Found a huge runed gate.
 31736 | Vaults:2 | Found a huge runed gate.
 31736 | Vaults:2 | Found a huge runed gate.
 31736 | Vaults:2 | Found a huge runed gate.
 31736 | Vaults:2 | Found a huge runed gate.
 31737 | Vaults:2 | Found a huge runed gate.
 31751 | Vaults:2 | Found a huge runed gate.
 31751 | Vaults:2 | Found a huge runed gate.
 31751 | Vaults:2 | Found a huge runed gate.
 31751 | Vaults:2 | Found a huge runed gate.
 31751 | Vaults:2 | Found a huge runed gate.
 31751 | Vaults:2 | Found a huge runed gate.
 31752 | Vaults:2 | Found a huge runed gate.
 31753 | Vaults:2 | Found a huge runed gate.
 31754 | Vaults:2 | Found a huge runed gate.
 31762 | Vaults:2 | Found a huge runed gate.
 31762 | Vaults:2 | Found a huge runed gate.
 31762 | Vaults:2 | Found a huge runed gate.
 31762 | Vaults:2 | Found a huge runed gate.
 31762 | Vaults:2 | Found a huge runed gate.
 31762 | Vaults:2 | Found a huge runed gate.
 31763 | Vaults:2 | Found a huge runed gate.
 31764 | Vaults:2 | Found a huge runed gate.
 31780 | Vaults:2 | Found a huge runed gate.
 31788 | Vaults:2 | Found a huge runed gate.
 31788 | Vaults:2 | Found a huge runed gate.
 31788 | Vaults:2 | Found a huge runed gate.
 31788 | Vaults:2 | Found a huge runed gate.
 31788 | Vaults:2 | Found a huge runed gate.
 31788 | Vaults:2 | Found a huge runed gate.
 31789 | Vaults:2 | Found a huge runed gate.
 31790 | Vaults:2 | Found a huge runed gate.
 31820 | Vaults:2 | Noticed Saint Roka
 31832 | Vaults:2 | Reached skill level 20 in Invocations
 31836 | Vaults:2 | Killed Saint Roka
 32076 | Vaults:2 | Noticed Zenata
 32094 | Vaults:2 | Killed Zenata
 32322 | Vaults:2 | Noticed Sojobo
 32335 | Vaults:2 | Paralysed by an air elemental for 1 turns
 32720 | Vaults:2 | Reached XP level 22. HP: 98/124 MP: 29/37
 32721 | Vaults:2 | Killed Sojobo
 32870 | Vaults:2 | Reached skill level 10 in Armour
 32872 | Vaults:2 | Identified the amulet "Tevar" {RegenMP -Tele Rampage rC-
                  | MP+9}
 33274 | Vaults:3 | Noticed Norris
 33280 | Vaults:3 | Killed Norris
 33355 | Vaults:3 | Reached skill level 21 in Invocations
 33400 | Vaults:3 | Found a runed translucent door.
 33400 | Vaults:3 | Found a shimmering altar of Xom.
 33400 | Vaults:3 | Identified the +10 broad axe "Lasm" {chaos, Contam rCorr
                  | SInv}
 33400 | Vaults:3 | Noticed Ciq Qara's ghost (veteran GrEE)
 33491 | Vaults:3 | Found a staircase to the Crypt.
 33515 | Vaults:3 | Identified the amulet "Saruutev" {RegenMP Regen+}
 33821 | Vaults:3 | Identified the +5 mace "Worm's Wrath" {venom, rPois rC+}
 34600 | Vaults:4 | Reached XP level 23. HP: 112/130 MP: 32/38
 34938 | Vaults:4 | Found a large runed translucent door.
 34938 | Vaults:4 | Found a large runed translucent door.
 34938 | Vaults:4 | Found a large runed translucent door.
 34938 | Vaults:4 | Found a large runed translucent door.
 34938 | Vaults:4 | Found a large runed translucent door.
 34938 | Vaults:4 | Found a large runed translucent door.
 34938 | Vaults:4 | Found a large runed translucent door.
 34938 | Vaults:4 | Found a large runed translucent door.
 34938 | Vaults:4 | Noticed Fubrub's ghost (veteran GnWr)
 35089 | Vaults:4 | Killed Fubrub's ghost
 35093 | Vaults:4 | Identified the ring of the Nine Olives {rN+ Will+ Str+2}
 35094 | Vaults:4 | Identified the ring of Obidugh {rF+ Str+6 Slay+3}
 35094 | Vaults:4 | Identified the +9 dagger of Jonigoc {heavy, rC+ rN+ Will+
                  | Stlth-}
 35117 | Vaults:4 | Reached skill level 22 in Invocations
 35171 | Vaults:4 | Identified the +1 robe "Affusyeq" {Int+2}
 35238 | Vaults:5 | Entered Level 5 of the Vaults
 35352 | Vaults:5 | Identified the +6 chain mail "Goff" {Int+3}
 35725 | Vaults:5 | Noticed a golden dragon
 36177 | Vaults:5 | Reached skill level 23 in Invocations
 36181 | Vaults:5 | Got a silver rune of Zot
 36326 | Vaults:5 | Killed a golden dragon
 36451 | Vaults:5 | Reached XP level 24. HP: 129/137 MP: 37/39
 36959 | Depths:1 | Entered Level 1 of the Depths
 36975 | Depths:1 | Found a basalt altar of Yredelemnul.
 37115 | Depths:1 | Found a one-way gateway to a ziggurat.
 37407 | Depths:1 | Found a gateway to Hell.
 38063 | Depths:2 | Identified the ring of Xom's Flight of Fancy {Fire rPois
                  | rN++ Str-5 Dex+4}
 38404 | Depths:2 | Found a one-way gate leading to the halls of Pandemonium.
 38441 | Depths:3 | Identified the +9 flail "Mokul" {flame, *Rage rF+ Int+2}
 38464 | Depths:3 | Identified the +7 long sword of a wizard's laboratory
                  | {flame, Contam rPois Will+ Dex+2}
 38468 | Depths:3 | Reached skill level 24 in Invocations
 38473 | Depths:3 | Identified the ring "Lyjymn" {Ice *Slow Int+5 Dex-3 Stlth+}
 38473 | Depths:3 | Noticed Josephina
 38475 | Depths:3 | Killed Josephina
 38534 | Depths:3 | Noticed a caustic shrike
 38537 | Depths:3 | Killed a caustic shrike
 38599 | Depths:3 | Noticed Boris
 38913 | Depths:3 | Noticed Frederick
 38915 | Depths:3 | Killed Frederick
 39057 | Depths:3 | Found a one-way gate to the infinite horrors of the Abyss.
 39073 | Depths:3 | You are sucked into a shaft and drop 1 floor!
 39073 | Depths:4 | Entered Level 4 of the Depths
 39254 | Depths:3 | Killed Boris
 39465 | Depths:4 | Reached XP level 25. HP: 73/144 MP: 40/40
 39625 | Depths:4 | Found a gate to the Realm of Zot.
 39750 | Depths:4 | Noticed Louise
 39758 | Depths:4 | Killed Louise
 39759 | Depths:4 | Reached skill level 25 in Invocations
 39775 | Depths:4 | Found Toll's Antique Armour Emporium.
 39930 | Depths:4 | Found Fogoho's Armour Emporium.
 39932 | Depths:4 | Found Bygoaru's Book Shoppe.
 39932 | Depths:4 | Found Coprup's Book Emporium.
 39937 | Depths:4 | Found Zuomos's Jewellery Shoppe.
 40159 | Depths:4 | Bought translucent gold dragon scales for 2295 gold pieces
 40159 | Depths:4 | Identified the +9 gold dragon scales of the Hurting Gods
                  | {rPois rF+ rC+ rN+ Regen+ Dex+2 Slay+3} (You bought it in a
                  | shop on level 4 of the Depths)
 40195 | Zot:1    | Entered Level 1 of the Realm of Zot
 40717 | Zot:1    | Noticed an orb of fire
 40733 | Zot:1    | Killed an orb of fire
 41248 | Zot:2    | Noticed Grunn
 41258 | Zot:2    | Killed Grunn
 42167 | Zot:3    | Noticed a Killer Klown
 42169 | Zot:3    | Noticed a Killer Klown
 42169 | Zot:3    | Noticed a Killer Klown
 42170 | Zot:3    | Noticed a Killer Klown
 42178 | Zot:3    | Killed a Killer Klown
 42179 | Zot:3    | Reached XP level 26. HP: 151/151 MP: 40/40
 42179 | Zot:3    | Killed a Killer Klown
 42182 | Zot:3    | Killed a Killer Klown
 42440 | Zot:3    | Killed a Killer Klown
 42451 | Zot:3    | Reached skill level 26 in Invocations
 42451 | Zot:3    | Reached XP level 27. HP: 155/155 MP: 40/41
 43202 | Zot:5    | Entered Level 5 of the Realm of Zot
 43631 | Zot:5    | Noticed an orb of fire
 43631 | Zot:5    | Noticed an orb of fire
 43642 | Zot:5    | Killed an orb of fire
 43643 | Zot:5    | Killed an orb of fire
 43645 | Zot:5    | Noticed an orb of fire
 43645 | Zot:5    | Noticed an orb of fire
 43646 | Zot:5    | Noticed an orb of fire
 43652 | Zot:5    | Killed an orb of fire
 43660 | Zot:5    | Noticed an orb of fire
 43667 | Zot:5    | Gained mutation: You have hidden genetic defects. [an orb
                  | of fire]
 43671 | Zot:5    | Killed an orb of fire
 43671 | Zot:5    | Killed an orb of fire
 43673 | Zot:5    | Killed an orb of fire
 43674 | Zot:5    | Noticed an orb of fire
 43676 | Zot:5    | Killed an orb of fire
 43690 | Zot:5    | Identified the amulet of Plog {RegenMP rF+}
 43710 | Zot:5    | Reached skill level 27 in Invocations
 43740 | Zot:5    | Got the Orb of Zot
 43817 | Zot:4    | Gained mutation: You are vulnerable to cold. (rC-) [hidden
                  | defects]
 43821 | Zot:4    | Lost mutation: You are vulnerable to cold. (rC-) [potion of
                  | mutation]
 43821 | Zot:4    | Lost mutation: You have hidden genetic defects. [potion of
                  | mutation]
 43821 | Zot:4    | Gained mutation: Your spells are a little easier to cast,
                  | but a little less powerful. [potion of mutation]
 43821 | Zot:4    | Gained mutation: Your flesh is cold resistant. (rC+)
                  | [potion of mutation]
 43821 | Zot:4    | Gained mutation: You are vulnerable to heat. (rF-) [potion
                  | of mutation]
 43821 | Zot:4    | Lost mutation: Your spells are a little easier to cast, but
                  | a little less powerful. [potion of mutation]
 43822 | Zot:4    | Lost mutation: You are vulnerable to heat. (rF-) [potion of
                  | mutation]
 43822 | Zot:4    | Lost mutation: Your flesh is cold resistant. (rC+) [potion
                  | of mutation]
 43822 | Zot:4    | Gained mutation: You passively dampen the noise of your
                  | surroundings. [potion of mutation]
 43822 | Zot:4    | Gained mutation: You have a pair of small horns on your
                  | head. [potion of mutation]
 44238 | D:1      | Reached skill level 15 in Armour
 44262 | D:1      | Noticed Pis Biss the pandemonium lord
 44272 | D:1      | Killed Pis Biss the pandemonium lord
 44274 | D:1      | gg
 44274 | D:1      | Gained mutation: You are weak. (Str -2) [a cacodemon]
 44275 | D:$      | Escaped with the Orb!

Illustrated notes

# #.#... ############## #.#...
.............# #.#...
###.....####.###############.#...
#...#........................#.#.
#.#.#............................
#.#.#....[.................#...#.
#.#.#...#################..#.....
#.#.#...#~~~~~~~@~~~~~~~#..#.####
#.#.#...#~~~~~~~.~~~~~~~#........
#.#.#...#~~~~~~...~~~~~~#...###..
#.#.#...#~~~.........~~~#...# #..
..#.#...#~~...........~~#..## #..
....#...#~....23.......~#..# #..
..###...###..8.###.8..###..# #..
..# #...#o#...........#K#..# #..
#.# #...#######'''#######..# #..


Turn 44274 on D:1: gg

Levels and vault maps discovered:
D:1:      lordsloth_arrival_two_stooges, layout_basic,
          ebering_ecumenical_altar_webs, minmay_misc_feat_nine_boxes
D:2:      layout_basic, serial_shops, shop, basic_altar, minmay_tiny_reverse_x
D:3:      kennysheep_six_static_rooms, layout_basic,
          mainiacjoe_overflow_alcove_4, mainiacjoe_overflow_24_doors,
          demons_altar
D:4:      layout_gridville, kennysheep_mini_moat,
          gammafunk_temple_overflow_forgotten, serial_rivers,
          chequers_serial_rivers_small_3, chequers_serial_rivers_small_3,
          chequers_serial_rivers_small_b, chequers_serial_rivers_small_b,
          chequers_serial_rivers_small_b, chequers_serial_rivers_micro_b,
          grunt_ministairs_10, minmay_misc_feat_secret_circle
D:5:      layout_rooms, nicolae_qazlal_general_emergency, kennysheep_mini
D:6:      layout_loops_corners
D:7:      layout_loops_ring, nicolae_overflow_crystal_walls,
          nicolae_wu_jian_wuxing_cycle, lemuel_round_altar,
          minmay_temple_entry_tees, serial_shops, shop, serial_bayou_pond_a,
          amcnicky_mini_pool_medium
D:8:      cheibrodos_iron_armory, layout_loops_ring,
          grunt_temple_overflow_growth_and_decay, general_overflow_altar,
          minivault_26
D:9:      layout_long_grid, orc_david_3, enter_bailey_3,
          nicolae_phantomly_mirrored
D:10:     layout_rooms, amcnicky_altar_gilded, serial_shops, shop, uniq_maggie,
          uniq_amaemon, uniq_harold
D:11:     layout_cave_pools, lair_entry_dummy, minivault_11, uniq_psyche
D:12:     layout_loops_ring, nicolae_danse_macabre
D:13:     layout_cross, david_vaults_4, serial_column_ruins, column_ruins_hut,
          column_ruins_hut, column_ruins_grid_3, column_ruins_open_tiny,
          column_ruins_corridor_corner, column_ruins_corridor_straight,
          minmay_tree_intersection, elyvilon_altar_1, uniq_snorg, uniq_erolcha,
          uniq_nessos
D:14:     layout_long_grid, infiniplex_staircase_spiral_double,
          nicolae_trove_entry_crystal
D:15:     grunt_enter_depths_hoard, layout_loops_ring,
          nemelex_lonely_heart_becter
Lair:1:   layout_roguey, serial_bayou_shore_b
Lair:2:   layout_loops_ring, nzn_sisyphean_effort
Lair:3:   layout_gridlike, alex1729_swamp_entry_worm_eleionoma,
          spider_nest_entry_webs, pf_torpor_hydra, uniq_gastronok
Lair:4:   layout_regular_city, slime_entry_1
Lair:5:   due_jungle_book, layout_gridlike, minmay_lindwurm_lava
Swamp:1:  layout_basic_swamp, evilmike_swamp_ruin_house_2
Swamp:2:  layout_falls_marsh, evilmike_swamp_ruin_house_3, beargit_kiku_chapel,
          uniq_frances
Swamp:3:  layout_falls_marsh, ebering_ghost_xom, evilmike_swamp_ruin_house_4,
          statue_in_the_mist_lemuel
Swamp:4:  swamp_vile, layout_basic_swamp
Spider:1: layout_cave_pods, nicolae_crawler_farm
Spider:2: layout_chambers, hellmonk_ghost_happy_afterlife, hive_lemuel
Spider:3: layout_spider_delve, drop_trap, nicolae_spider_solar_radiation,
          uniq_arachne
Spider:4: guppyfry_spider_rune, hangedman_spider_tarantella_strand
Orc:1:    layout_diamond_mine, nicolae_orc_stony_grotto, mines2_lemuel
Orc:2:    st_orc_pillars, layout_caves, basic_altar, nicolae_orc_damp_corner
Elf:1:    minmay_elf_arrival_circle, layout_onion_city, minmay_elf_sorcery,
          minivault_25, uniq_asterion
Elf:2:    elven_hall_of_blades_hangedman_alternative
          [nooodl_blade_entry_preview], layout_geoelf_octagon, minmay_shop_star
Elf:3:    minmay_elf_hall_statues, layout_onion_city, serial_glass,
          glass_columns_c, glass_columns_a, uniq_roxanne
Vaults:1: portal_desolation_entry_salt, nicolae_vaults_network_star, v_rooms_2,
          nicolae_vaults_variable_pillar_hall_cross, vaults_dpeg_encased_lava,
          nicolae_vaults_surprise_closet_hard, layout_vaults_omnigrid
Vaults:2: v_rooms_3, hangedman_vaults_river_flow, nicolae_vaults_specimen_jars,
          hangedman_vaults_restitches, v_misc_19,
          nicolae_vaults_more_shelving_1, door_vault, nicolae_vaults_spaceships,
          nicolae_vaults_weapon_check, nicolae_vaults_double_plus_1,
          grunt_vaults_diagonal, nicolae_vaults_tetromino_Z_1,
          layout_vaults_omnicross, uniq_sojobo, uniq_zenata, uniq_saint_roka
Vaults:3: ebering_ghost_xom, v_alt_pattern_5, vaults_room_large_hall,
          minmay_crypt_entry_simple_sparse, ontoclasm_vaults_ring_large,
          nicolae_vaults_mini_display_case, v_alt_pattern_3, vaults_dpeg_spiral,
          nicolae_vaults_minivaults, hangedman_vaults_maws, v_misc_27,
          grunt_vaults_bifocal, layout_vaults_maze_snakey, uniq_norris
Vaults:4: advil_vaults_ghost_lines, ontoclasm_vaults_claustrophobia,
          nicolae_vaults_storing_the_good_stuff,
          ontoclasm_vaults_loading_screen, ontoclasm_vaults_eye, v_misc_10,
          layout_vaults_chaotic_city
Vaults:5
Depths:1: layout_twisted_cross, enter_ziggurat_b, hangedman_tar_grid_catacomb,
          serial_sigils_hangedman_scar, yredelemnul_altar_generic,
          serial_bayou_shore_b
Depths:2: minmay_haunted_quarter, layout_cave_pools, lightli_too_deep,
          rand_demon_pan_entry_7
Depths:3: minmay_textured_paths, layout_cave_pools, abyss_entry_crystal,
          grunt_hell_entry_dis_grunt, hex_medium, uniq_boris, uniq_margery,
          uniq_frederick, uniq_josephina
Depths:4: grunt_crosshair, layout_cave_pools, serial_shops,
          nicolae_shop_tiny_waterfront, nicolae_abyss_entry_one_way_or_another,
          hell_entry, minmay_shoptagon
Zot:1:    layout_onion_interference, hangedman_zot_decor_unnerving_road
Zot:2:    layout_onion_interference, uniq_grunn
Zot:3:    circus_mu, layout_cathedral_of_symmetry
Zot:4:    layout_basic, grunt_ministairs_10
Zot:5:    layout_basic, lemuel_golem_globe

Skill      XL: |  1  2  3  4  5  6  7  8  9 10 11 12 13 14 15 16 17 18 19 20 21 22 23 24 25 26 27 |
---------------+----------------------------------------------------------------------------------+-----
Fighting       | 2 3 4 5 6 7 8 9 10 11 12 13 14 15 16 17 18 19 20 | 20.3
Short Blades   | 3 4 5 6 8 9 10 11 12 13 14 | 14.0
Invocations    | 1 2 3 5 6 8 9 10 11 13 14 15 16 18 19 20 21 23 24 25 26 27 | 27.0
Dodging        | 3 4 5 6 7 8 9 10 11 12 13 14 15 17 18 19 | 19.0
Shields        | 4 |  4.0
Evocations     | 5 |  5.0
Stealth        | 5 9 11 12 13 14 15 16 17 | 17.0
Armour         | 2 4 6 7 8 9 10 11 12 13 15 | 15.1
Throwing       | |  1.7

Action                     |  1- 3 |  4- 6 |  7- 9 | 10-12 | 13-15 | 16-18 | 19-21 | 22-24 | 25-27 || total
---------------------------+-------+-------+-------+-------+-------+-------+-------+-------+-------++-------
  Melee: Rapier            |    81 |    50 |       |       |       |       |       |       |       ||   131
         Bite              |    16 |    47 |   148 |   310 |   626 |   840 |   822 |  1028 |   766 ||  4603
         Punch             |     1 |     2 |     7 |     1 |       |       |       |       |       ||    11
         Dagger            |       |   109 |   357 |   816 |  1323 |   248 |       |       |       ||  2853
         Quick blade       |       |       |       |       |       |  1802 |  1722 |  1821 |  1280 ||  6625
         Headbutt          |       |       |       |       |       |       |       |       |    20 ||    20
  Throw: Throwing net      |       |       |     2 |       |       |       |       |       |       ||     2
 Invoke: Stomp             |       |       |     2 |     4 |     9 |    10 |     9 |     6 |     3 ||    43
         Line Pass         |       |       |       |     3 |     3 |     7 |     3 |    12 |     1 ||    29
         Grand Finale      |       |       |       |     1 |       |     9 |    14 |     9 |     7 ||    40
  Evoke: Wand              |       |       |       |    19 |     1 |       |       |       |       ||    20
    Use: Scroll            |       |       |    15 |     4 |     6 |    13 |     7 |     5 |     5 ||    55
         Potion            |       |       |     3 |       |     2 |     2 |       |     4 |     8 ||    19
   Stab: Sleeping          |     6 |     2 |     2 |    14 |    47 |    40 |    77 |    56 |     2 ||   246
         Paralysed         |     1 |     5 |    14 |    56 |    77 |   101 |    89 |   127 |    66 ||   536
         Confused          |       |       |       |     1 |     6 |     6 |       |    10 |     2 ||    25
         Distracted        |       |       |       |       |     4 |     5 |     4 |    12 |     4 ||    29
         Invisible         |       |       |       |       |       |       |       |       |     1 ||     1
 Armour: Leather armour    |    32 |    46 |    88 |       |    13 |       |       |       |       ||   179
         Steam dragon scal |       |       |    35 |    31 |       |       |       |       |       ||    66
         Acid dragon scale |       |       |       |   136 |   109 |       |       |       |       ||   245
         Troll leather arm |       |       |       |       |    29 |    22 |       |       |       ||    51
         Swamp dragon scal |       |       |       |       |    13 |   305 |    60 |       |       ||   378
         Ring mail         |       |       |       |       |       |       |   175 |   242 |    27 ||   444
         Gold dragon scale |       |       |       |       |       |       |       |       |   276 ||   276
  Dodge: Dodged            |    57 |    68 |   138 |   375 |   445 |   794 |   474 |   542 |   339 ||  3232
  Block: Buckler           |       |       |       |   108 |   359 |   575 |   304 |   346 |   280 ||  1972
         Reflection        |       |       |       |       |    15 |    12 |    21 |    20 |     3 ||    71

Table legend: (Time is in decaauts)
 A = Elapsed time spent in this place.
 B = Non-inter-level travel time spent in this place.
 C = Inter-level travel time spent in this place.
 D = Time resting spent in this place.
 E = Time spent auto-exploring this place.
 F = Levels seen in this place.
 G = Mean time per level.
                   A        B        C        D        E       F      G
               +--------+--------+--------+--------+--------+-----+--------+
         Total |  41099 |  37344 |   3755 |   3048 |  23767 |  51 |  805.9 |
       Dungeon |  12466 |  10879 |   1587 |    860 |   7659 |  15 |  831.1 |
          Lair |   5015 |   4189 |    826 |    161 |   2963 |   5 | 1003.0 |
         Swamp |   3091 |   2950 |    141 |    777 |   1328 |   4 |  772.8 |
   Spider Nest |   3055 |   2921 |    134 |    161 |   1950 |   4 |  763.8 |
  Orcish Mines |   1475 |   1349 |    126 |    193 |    739 |   2 |  737.5 |
   Elven Halls |   2434 |   2262 |    172 |     62 |   1482 |   3 |  811.3 |
        Vaults |   5709 |   5393 |    316 |    333 |   3271 |   5 | 1141.8 |
        Depths |   3017 |   2803 |    214 |    196 |   1739 |   4 |  754.2 |
           Zot |   3428 |   3192 |    236 |    241 |   2099 |   5 |  685.6 |
         Abyss |    303 |    303 |      0 |     51 |     27 |   2 |  151.5 |
        Bailey |    298 |    298 |      0 |      0 |    119 |   1 |  298.0 |
    Desolation |    803 |    803 |      0 |     12 |    389 |   1 |  803.0 |
               +--------+--------+--------+--------+--------+-----+--------+

Top non-repeatable levels by time:
Vaults:5: 1365 daAuts
  Lair:5: 1275 daAuts
Vaults:2: 1170 daAuts
Vaults:4: 1149 daAuts
  Lair:3: 1077 daAuts
Spider:2: 1065 daAuts
   Elf:3: 1055 daAuts
     D:4: 1030 daAuts
     D:3: 1028 daAuts
Vaults:3: 1012 daAuts
Vaults:1: 1010 daAuts
  Lair:4: 1005 daAuts
     D:8: 990 daAuts
     D:9: 979 daAuts
    D:13: 974 daAuts
